 Dungeon Crawl Stone Soup version 0.24-b1-44-g37ad8b309f (webtiles) character file.

Game seed: 15059767670385868492, levelgen mode: deterministic

10199 axedrugov the Fighter (level 11, -5/115 HPs)
             Began as an Ogre Wanderer on Oct 24, 2019.
             Was a High Priest of Okawaru.
             Slain by an ice beast (10 damage)
             ... summoned by an ice statue
             ... in a Gauntlet.
             The game lasted 00:40:24 (13513 turns).

axedrugov the Fighter (Ogre Wanderer)              Turns: 13513, Time: 00:40:24

Health: -5/115     AC:  7    Str: 25    XL:     11   Next: 58%
Magic:  12/12      EV: 14    Int: 14    God:    Okawaru [*****.]
Gold:   630        SH:  0    Dex: 11    Spells: 11/12 levels left

rFire    . . .     SeeInvis .   A - +12 hunting sling of Shame {flame, Str+6}
rCold    . . .     Gourm    .   (no shield)
rNeg     . . .     Faith    .   U - +2 robe {MR+}
rPois    +         Spirit   .   (helmet restricted)
rElec    .         Reflect  .   K - +1 cloak {+Inv}
rCorr    .         Harm     .   (gloves unavailable)
MR       ++...     NoTele   +   (boots unavailable)
Stlth    +.........             (no amulet)
HPRegen  0.29/turn              h - ring of poison resistance
MPRegen  0.13/turn              l - +2 ring of strength

@: no status effects
A: large, unfitting armour, tough skin 1
a: Heroism, Finesse, Renounce Religion, Evoke Invisibility


You were in a Gauntlet.
You worshipped Okawaru.
Okawaru was extremely pleased with you.
You were not hungry.

You visited 2 branches of the dungeon, and saw 12 of its levels.
You also visited: Sewer and Gauntlet.

You collected 630 gold pieces.

Inventory:

Hand Weapons
 g - a +1 dagger of electrocution
 A - the +12 hunting sling of Shame (weapon) {flame, Str+6}
   (You found it on level 5 of the Dungeon)

   It causes projectiles fired from it to burn those they strike, causing extra
   injury to most foes and up to half again as much damage against particularly
   susceptible opponents.
   It affects your strength (+6).
 D - a +0 flail of crushing
 L - a +8 giant club
Missiles
 j - 95 bolts
 t - 280 stones (quivered)
 v - 4 large rocks
 B - 81 sling bullets
Armour
 E - the +2 cloak of Mezcal {*Corrode rC+ Str+4}
   (You found it on level 6 of the Dungeon)

   It affects your strength (+4).
   It protects you from cold.
   It may corrode you when you take damage.
 K - a +1 cloak of invisibility (worn)
 U - a +2 robe of magic resistance (worn)
 V - +0 acid dragon scales
Jewellery
 c - an uncursed amulet of harm {unknown}
 h - a ring of poison resistance (left hand)
 l - a +2 ring of strength (right hand)
 z - an uncursed ring of positive energy {unknown}
 C - an uncursed amulet of the acrobat
Wands
 y - a wand of random effects (37)
 F - a wand of iceblast (39)
 T - a wand of paralysis (8)
Scrolls
 d - 7 scrolls of teleportation {unknown}
 i - 8 scrolls of remove curse {unknown}
 m - 2 scrolls of noise {unknown}
 o - a scroll of immolation {unknown}
 p - 4 scrolls of enchant weapon {unknown}
 q - a scroll of blinking {unknown}
 r - 3 scrolls of fear {unknown}
 s - 3 scrolls of identify {unknown}
 x - a scroll of amnesia {unknown}
 H - 2 scrolls of magic mapping {unknown}
 I - a scroll of fog {unknown}
 O - a scroll of enchant armour {unknown}
 P - a scroll of brand weapon {unknown}
 Q - a scroll of summoning {unknown}
 R - a scroll of holy word {unknown}
Potions
 a - 5 potions of degeneration
 b - 4 potions of agility
 k - a potion of invisibility
 n - 2 potions of curing
 u - a potion of mutation {unknown}
 w - 3 potions of haste
 G - 3 potions of magic
 J - 3 potions of might
 M - a potion of berserk rage
 N - a potion of lignification
 S - a potion of heal wounds
Comestibles
 f - 18 rations


   Skills:
 + Level 9.5 Fighting
 - Level 2.6 Short Blades
 * Level 6.9 Maces & Flails
 + Level 6.3(7.1) Slings
   Level 1.0 Crossbows
 + Level 6.4(8.4) Throwing
 * Level 8.8 Dodging
 - Level 0.6 Unarmed Combat
 - Level 1.2 Spellcasting
   Level 1.7 Hexes
 - Level 1.7 Ice Magic
 - Level 1.0 Evocations


You had 11 spell levels left.
You knew the following spells:

 Your Spells              Type           Power        Failure   Level  Hunger
a - Freeze                Ice            #...         13%         1    ##.....

Your spell library contained the following spells:

 Spells                   Type           Power        Failure   Level  Hunger
 Slow                     Hex            #.......     19%         2    ###....
 Magic Dart               Conj           #...         26%         1    ##.....
 Shock                    Conj/Air       #...         26%         1    ##.....
 Sting                    Conj/Pois      #...         26%         1    ##.....
 Throw Frost              Conj/Ice       #.....       26%         2    ###....
 Blink                    Tloc           N/A          36%         2    ###....
 Call Imp                 Summ           #.......     36%         2    ###....
 Poisonous Vapours        Pois/Air       #.....       36%         2    ###....
 Swiftness                Chrm/Air       #.......     36%         2    ###....
 Ozocubu's Armour         Chrm/Ice       #.......     47%         3    ####...
 Conjure Flame            Conj/Fire      #.......     61%         3    ####...
 Mephitic Cloud           Conj/Pois/Air  #.......     61%         3    ####...
 Static Discharge         Conj/Air       #.......     61%         3    ####...
 Summon Ice Beast         Ice/Summ       #.......     87%         4    #####..
 Throw Icicle             Conj/Ice       #.......     87%         4    #####..
 Airstrike                Air            #.........   95%         4    #####..
 Olgreb's Toxic Radiance  Pois           #.......     95%         4    #####..
 Lightning Bolt           Conj/Air       #.........   100%        5    ######.
 Venom Bolt               Conj/Pois      #.........   100%        5    ######.


Dungeon Overview and Level Annotations

Branches:
Dungeon (11/15)            Temple (1/1) D:5             Orc (0/2) D:9
  Sewer (visited)         Gauntlet (1/1)
   Lair: D:8-11

Altars:
Ashenzari
Cheibriados
Dithmenos
Elyvilon
Fedhas
Gozag
Hepliaklqana
Kikubaaqudgha
Makhleb
Nemelex Xobeh
Okawaru
Qazlal
Ru
Sif Muna
Trog
Uskayaw
Vehumet
Wu Jian
Xom
Yredelemnul
Zin
The Shining One

Annotations:
Gauntlet 5 transporters, exclusion: ice statue


Innate Abilities, Weirdness & Mutations

You are too large for most types of armour.
You have tough skin. (AC +1)


Message History

The shard of ice misses you.
The glowing orange brain turns its attention towards you.
Firing (i - inventory. (/) - cycle)
t - 282 stones (quivered)
Press: ? - help, Shift-Dir - straight line, f - ice beast
Aim: an ice beast (summoned)
You shoot a stone.
The stone hits the ice beast but does no damage.
The ice beast hits you.
* * * LOW HITPOINT WARNING * * *
The ice beast freezes you!
* * * LOW HITPOINT WARNING * * *
Firing (i - inventory. (/) - cycle)
t - 281 stones (quivered)
Press: ? - help, Shift-Dir - straight line, f/p - ice beast
Aim: an ice beast (summoned)
You shoot a stone. The stone hits the ice beast!
The stone melts the ice beast!
The ice beast is severely wounded.
The ice beast hits you.
* * * LOW HITPOINT WARNING * * *
The ice beast freezes you!
You die...

####...###########...###########.
#[.#.8.#...?Y....#...#^..[©%$..#.
..##...#.#..8..#.#...#^#...###.#.
P#.#####..#####..#...#.###...#.#.
#..#...#..##.##..#...#G..###...#.
.P##©.©#....©...Y#...#^#..©#^#.#.
P#.#...#..##.##..#...#.###...#.#.
#..#####..#####YY#...#G^.###...#.
...#...#.#.....#@#...#.#...#^#.#.
...#.8.#.........#...#......GGu#.
####§§.###########§§§###########.
#...§§§...........§≈§...#.©.#....
#...§8≈...........§8≈...#...#.8..
#....§.............≈....#.©.#....
####.§.###########...###########.
...#.8.#....©....#...#!.#"©=..5#.
#..#...#.........#...#...#..^..#.


You could see 2 glowing orange brains and 3 ice beasts.

Vanquished Creatures
  The ghost of Curus the Carver, a journeyman MiGl of Okawaru (D:11)
  Erolcha (D:10)
  A wizard (Gauntlet)
  2 oklob plants (Gauntlet)
  Maurice (D:8)
  Psyche (D:9)
  2 rime drakes (Gauntlet)
  A troll (D:10)
  3 hippogriffs
  A spriggan (D:8)
  3 yaks (D:9)
  A hungry ghost (D:10)
  3 acid dragons (Gauntlet)
  A water moccasin (D:8)
  2 black bears
  3 ice beasts
  2 ogres
  A sky beast (D:5)
  3 phantoms
  6 centaurs
  A wyvern zombie (D:8)
  2 bullfrogs
  3 gnoll sergeants
  4 scorpions
  5 wights (D:10)
  8 howler monkeys
  3 crimson imps
  2 centaur zombies
  A bullfrog zombie (D:10)
  6 hounds
  2 jellies
  A quasit (D:9)
  6 orc priests
  5 worker ants
  2 iguanas (D:10)
  Natasha (thrice) (D:4)
  7 orc wizards
  A hound zombie (D:7)
  A hound skeleton (D:5)
  A worker ant zombie (D:7)
  16 gnolls
  16 adders
  A shadow imp (D:5)
  A white imp (Gauntlet)
  An ooze (D:3)
  2 adder zombies
  3 adder skeletons
  2 worms (D:2)
  4 dart slugs
  5 leopard geckos
  25 orcs
  5 ball pythons (Sewer)
  2 giant cockroaches
  7 goblins
  5 hobgoblins
  17 jackals
  13 kobolds
  3 quokkas
  4 bats
  9 frilled lizards
  2 jackal skeletons
  A jackal zombie (D:7)
  A leopard gecko zombie (D:6)
  7 rats
  A plant (Sewer)
256 creatures vanquished.

Vanquished Creatures (others)
  4 plants (Gauntlet)
4 creatures vanquished.

Grand Total: 260 creatures vanquished

Notes
Turn   | Place    | Note
-------+----------+-------------------------------------------
     0 | D:1      | axedrugov the Ogre Wanderer began the quest for the Orb.
     0 | D:1      | axedrugov set off with the following items: a +2 hand
                  | crossbow, 26 bolts, a potion of lignification, a +0 robe, a
                  | ration; and the following spell memorised: Freeze; and the
                  | following spells available to memorise: Ozocubu's Armour
     0 | D:1      | Reached XP level 1. HP: 22/22 MP: 2/2
    97 | D:1      | Reached skill level 3 in Fighting
   150 | D:1      | Reached XP level 2. HP: 31/31 MP: 3/3
   913 | D:2      | Reached XP level 3. HP: 14/37 MP: 4/4
  1491 | D:2      | Reached skill level 1 in Short Blades
  1491 | D:2      | Reached skill level 1 in Maces & Flails
  1498 | D:2      | Reached skill level 1 in Dodging
  1966 | D:2      | Found a basalt altar of Yredelemnul.
  2123 | D:2      | Found a radiant altar of Vehumet.
  2165 | D:3      | Reached XP level 4. HP: 39/48 MP: 5/5
  2413 | D:3      | Found a snail-covered altar of Cheibriados.
  2843 | D:3      | Reached skill level 4 in Fighting
  2843 | D:3      | Reached XP level 5. HP: 40/54 MP: 6/6
  3295 | D:4      | Noticed Natasha
  3305 | D:4      | Killed Natasha
  3425 | D:4      | Found a stormy altar of Qazlal.
  3449 | D:4      | Noticed an ogre
  3455 | D:4      | Killed an ogre
  3455 | D:4      | Reached XP level 6. HP: 24/63 MP: 7/7
  3751 | D:4      | Noticed a phantom
  3760 | D:4      | Killed a phantom
  3959 | D:4      | Reached XP level 7. HP: 70/71 MP: 8/8
  4121 | D:4      | Noticed Natasha
  4123 | D:4      | Killed Natasha
  4179 | D:4      | Noticed Natasha
  4200 | D:4      | Killed Natasha
  4515 | D:5      | Entered Level 5 of the Dungeon
  4540 | D:5      | Found a staircase to the Ecumenical Temple.
  4562 | D:5      | Got a translucent hunting sling
  4563 | D:5      | Identified the +12 hunting sling of Shame {flame, Str+6}
                  | (You found it on level 5 of the Dungeon)
  5066 | Temple   | Entered the Ecumenical Temple
  5159 | Temple   | Became a worshipper of Warmaster Okawaru
  5406 | D:5      | Reached skill level 5 in Fighting
  5526 | D:5      | Reached skill level 1 in Slings
  5829 | D:5      | Reached * piety under Okawaru
  6094 | D:5      | Found an ornate altar of the Wu Jian Council.
  6124 | D:5      | Found a sacrificial altar of Ru.
  6530 | D:5      | Reached XP level 8. HP: 78/81 MP: 9/9
  6740 | D:6      | Found a shattered altar of Ashenzari.
  6965 | D:6      | Got an ichor-stained cloak
  7092 | D:6      | Reached ** piety under Okawaru
  7212 | D:6      | Reached skill level 6 in Fighting
  7272 | D:6      | Found a glowing drain.
  7282 | Sewer    | Entered a sewer
  7886 | D:7      | Reached skill level 5 in Dodging
  7977 | D:7      | Reached XP level 9. HP: 89/91 MP: 10/10
  8164 | D:7      | Found a shadowy altar of Dithmenos.
  8256 | D:7      | Identified the +2 cloak of Mezcal {*Corrode rC+ Str+4} (You
                  | found it on level 6 of the Dungeon)
  8660 | D:7      | Reached *** piety under Okawaru
  9183 | D:7      | Reached skill level 7 in Fighting
  9190 | D:7      | HP: 5/139 [hippogriff (4)]
  9196 | D:7      | HP: 9/208 [hippogriff (4)]
  9617 | D:7      | HP: 4/93 [something/magic dart (8)]
 10183 | D:8      | Reached **** piety under Okawaru
 10183 | D:8      | Reached skill level 5 in Maces & Flails
 10302 | D:8      | Noticed Maurice
 10314 | D:8      | Killed Maurice
 10314 | D:8      | Reached XP level 10. HP: 94/104 MP: 8/11
 10430 | D:8      | Found a burning altar of Makhleb.
 10497 | D:8      | Found a sparkling altar of Nemelex Xobeh.
 10673 | D:9      | Noticed Psyche
 10740 | D:9      | Reached skill level 5 in Throwing
 10742 | D:9      | Reached skill level 8 in Fighting
 10742 | D:9      | Reached skill level 5 in Slings
 10749 | D:9      | Received a gift from Okawaru
 10783 | D:9      | Killed Psyche
 10836 | D:9      | Found a staircase to the Orcish Mines.
 10892 | D:9      | Found an opulent altar of Gozag.
 11010 | D:9      | Found a hide-covered altar of Uskayaw.
 11402 | D:10     | Entered Level 10 of the Dungeon
 11490 | D:10     | Noticed Erolcha
 11495 | D:10     | Killed Erolcha
 11495 | D:10     | Reached ***** piety under Okawaru
 11667 | D:10     | Reached XP level 11. HP: 113/113 MP: 12/12
 11987 | D:10     | Reached skill level 9 in Fighting
 12494 | D:10     | Received a gift from Okawaru
 12585 | D:11     | Found a runed translucent door.
 12585 | D:11     | Noticed Curus's ghost (journeyman MiGl)
 12634 | D:11     | Killed Curus's ghost
 12842 | D:11     | Found a gate leading to a gauntlet.
 12851 | Gauntlet | Entered a Gauntlet
 12851 | Gauntlet | Found a transporter.
 12851 | Gauntlet | Found a transporter.
 12851 | Gauntlet | Noticed an oklob plant
 12869 | Gauntlet | Found a transporter.
 12871 | Gauntlet | Found a transporter.
 12874 | Gauntlet | Noticed a reaper
 12881 | Gauntlet | Noticed a glowing orange brain
 12886 | Gauntlet | Found a transporter.
 12891 | Gauntlet | Noticed a glowing orange brain
 12894 | Gauntlet | Noticed a cyan ugly thing
 12903 | Gauntlet | Found a transporter.
 12909 | Gauntlet | Found a transporter.
 12917 | Gauntlet | Found a transporter.
 12920 | Gauntlet | Noticed an oklob plant
 12935 | Gauntlet | Found a transporter.
 12943 | Gauntlet | Found a transporter.
 12943 | Gauntlet | Noticed a wizard
 12962 | Gauntlet | Found a transporter.
 13144 | Gauntlet | Found a transporter.
 13172 | Gauntlet | Killed an oklob plant
 13368 | Gauntlet | Killed a wizard
 13408 | Gauntlet | Received a gift from Okawaru
 13447 | Gauntlet | Killed an oklob plant
 13459 | Gauntlet | Got a pair of polished boots
 13513 | Gauntlet | HP: 5/115 [ice beast[an ice statue] (2)]
 13513 | Gauntlet | Slain by an ice beast

Skill      XL: |  1  2  3  4  5  6  7  8  9 10 11 |
---------------+----------------------------------+-----
Fighting       | 3 4 5 6 7 8 9 |  9.5
Short Blades   | 1 2 |  2.6
Maces & Flails | 1 2 3 4 5 6 |  6.9
Dodging        | 1 2 3 4 5 6 8 |  8.8
Throwing       | 2 3 4 5 6 |  6.4
Slings         | 1 3 4 5 6 |  6.3
Crossbows      | |  1.0
Unarmed Combat | |  0.6
Spellcasting   | |  1.2
Hexes          | |  1.7
Ice Magic      | |  1.7
Evocations     | |  1.0

Action                   |  1- 3 |  4- 6 |  7- 9 | 10-12 || total
-------------------------+-------+-------+-------+-------++-------
Melee: Unarmed           |    22 |       |       |       ||    22
       Dagger            |    97 |   127 |    67 |       ||   291
       Flail             |       |       |    32 |       ||    32
       Hunting sling     |       |       |     3 |       ||     3
 Fire: Hand crossbow     |     2 |       |       |       ||     2
       Hunting sling     |       |       |   237 |   243 ||   480
Throw: Large rock        |       |     3 |     3 |       ||     6
Invok: Heroism           |       |       |     2 |     3 ||     5
  Use: Potion            |       |       |    11 |     1 ||    12
 Stab: Sleeping          |       |     1 |       |       ||     1
       Invisible         |       |       |     2 |       ||     2
  Eat: Chunk             |     3 |     3 |     7 |     4 ||    17
       Ration            |       |     1 |     4 |     2 ||     7
Armor: Robe              |    25 |    31 |    50 |    12 ||   118
       Skin              |       |       |    26 |     2 ||    28
Dodge: Dodged            |    43 |    46 |   132 |    67 ||   288
